 Dungeon Crawl Stone Soup version 0.17.0-24-gcfadda4 (console) character file.

2 gw the Vandal (level 1, 0/11 HPs)
             Began as a Spriggan Hunter on Nov 15, 2015.
             Slain by a jackal (2 damage)
             ... on level 1 of the Dungeon.
             The game lasted 00:00:31 (202 turns).

gw the Vandal (Spriggan Hunter)                      Turns: 202, Time: 00:00:31

Health: 0/11       AC:  2    Str:  8    XL:     1   Next: 33%
Magic:  2/2        EV: 18    Int: 12    God:
Gold:   0          SH:  0    Dex: 16    Spells: 0 memorised, 0 levels left

rFire  . . .     SeeInvis +     c - +0 short sword
rCold  . . .     Clarity  .     d - +0 robe
rNeg   . . .     SustAt   .     (shield restricted)
rPois  .         Gourm    .     (helmet restricted)
rElec  .         Spirit   .     (no cloak)
rCorr  .         Warding  .     (gloves unavailable)
rMut   .         Stasis   .     (boots unavailable)
MR     .....                    (no amulet)
Stlth  ++........               (no ring)
                                (no ring)

@: very quick, not resistant to hostile enchantments, unstealthy
A: unfitting armour, see invisible, herbivore 3, speed 3, slow metabolism 2
a: no special abilities


You were on level 1 of the Dungeon.
You were not hungry.

You visited 1 branch of the dungeon, and saw 1 of its levels.

Inventory:

Hand Weapons
 a - a +1 hunting sling
 c - a +0 short sword (weapon)
Missiles
 b - 17 sling bullets
Armour
 d - a +0 robe (worn)
Comestibles
 e - a bread ration


   Skills:
 + Level 1.7 Fighting
 + Level 0.2 Short Blades
 * Level 4.8 Slings
 + Level 3.0 Dodging
 - Level 1.5 Stealth


You couldn't memorise any spells.
You didn't know any spells.

Dungeon Overview and Level Annotations

Branches:
Dungeon (1/15)

Altars:


Innate Abilities, Weirdness & Mutations

You are tiny and cannot use many weapons and most armour.
You have supernaturally acute eyesight.
You are a herbivore.
You cover ground extremely quickly.
You need consume almost no food.


Message History

The jackal completely misses you. The jackal closely misses you.
ATTACKING (0,-1)
You hit the jackal but do no damage. The hobgoblin barely misses you.
The jackal closely misses you.
ATTACKING (0,-1)
You hit the jackal.
The jackal is moderately wounded.
The jackal barely misses you. The hobgoblin closely misses you.
ATTACKING (0,-1)
You barely miss the jackal.
The jackal is moderately wounded.
The jackal bites you.
The hobgoblin hits you but does no damage.
The jackal bites you. The hobgoblin misses you.
FLEEEEING!
MOVING TO (6,4)
You hit the hobgoblin.
The hobgoblin is almost dead.
The jackal bites you.
You die...

#....# #..77777
#....# #..# 7 #....#
#..##777
####....#####.......
#.......(...........
#.##.........#######
#.#..........#
#.#h#........#
#.#igh.......#
#.###....?...# #.#
#........# #.#
#........#
##.###........#
#......#.......
#......########
#......# #......#


You could see 2 jackals and a hobgoblin.

Table legend:
 A = Turns spent in this place as a percentage of turns spent in the entire game.
 B = Non-inter-level travel turns spent in this place as a percentage of non-inter-level travel turns spent in the entire game.
 C = Inter-level travel turns spent in this place as a percentage of turns spent in this place.
 D = Turns resting spent in this place as a percentage of non-inter-level travel turns spent in this place.
 E = Turns spent auto-exploring this place as a percentage of non-inter-level travel turns spent in this place.
 F = Non-inter-level travel turns spent in this place divided by the number of levels of this place that you've seen.
                   A       B       C       D       E      F
               +-------+-------+-------+-------+-------+----------------------
         Total | 100.0 | 100.0 |   0.0 |   1.0 |   0.5 | 612.0
       Dungeon | 100.0 | 100.0 |   0.0 |   1.0 |   0.5 | 612.0
               +-------+-------+-------+-------+-------+----------------------

Table legend:
 A = Kills in this place as a percentage of kills in entire the game.
 B = Kills by you in this place as a percentage of kills by you in the entire game.
 C = Kills by friends in this place as a percentage of kills by friends in the entire game.
 D = Other kills in this place as a percentage of other kills in the entire game.
 E = Experience gained in this place as a percentage of experience gained in the entire game.
 F = Experience gained in this place divided by the number of levels of this place that you have seen.
                   A       B       C       D       E      F
               +-------+-------+-------+-------+-------+----------------------
         Total | 100.0 | 100.0 |  -nan |  -nan | 100.0 |   4.0
       Dungeon | 100.0 | 100.0 |  -nan |  -nan | 100.0 |   4.0
               +-------+-------+-------+-------+-------+----------------------

Vanquished Creatures
  A bat (D:1)
  A jackal (D:1)
2 creatures vanquished.

Notes
Turn   | Place    | Note
--------------------------------------------------------------
     0 | D:1      | gw the Spriggan Hunter began the quest for the Orb.
     0 | D:1      | Reached XP level 1. HP: 10/10 MP: 2/2
   202 | D:1      | Slain by a jackal

Action                   || total
-------------------------++-------
Melee: Short sword       ||    12
 Fire: Hunting sling     ||     3

Vault maps used:
D:1:      scummos_arrival_forest
